Map: Romanticide LE

Players

ShaDoWn

  • Race: Protoss Protoss

HeroMarine - Winner!

  • Race: Terran Terran

Event: DreamHack SC2 Masters 2021 Winter

VOD

Have the link to the VOD?

Description

Time

  • Played on: Oct. 6, 2021, 1:25 p.m.
  • Length: 9:06

All games in this series

Show
View Real Time Build Order
Export as new Build Order

ShaDoWn Protoss 

Build Orders: 1 Gate Expand, Oracle Opening 

Get SALT Encoding   

  12  0:00  Probe  
  13  0:12  Probe  
  14  0:17  Pylon  
  14  0:24  Probe  
  15  0:36  Gateway  
  15  0:38  Probe (Chrono Boost)  
  16  0:47  Assimilator, Probe (Chrono Boost)  
  17  0:52  Probe  
  18  1:04  Probe  
  19  1:16  Probe  
  20  1:23  Cybernetics Core  
  20  1:33  Nexus  
  20  1:41  Pylon  
  20  1:43  Probe  
  20  1:49  Assimilator  
  20  1:55  Probe  
  20  1:56  Adept (Chrono Boost)  
  23  2:07  Probe (Chrono Boost)  
  24  2:15  Pylon  
  24  2:18  Adept  
  24  2:19  Probe (Chrono Boost)  
  27  2:26  Probe (Chrono Boost)  
  28  2:34  Stargate  
  28  2:37  Probe  
  28  2:45  Probe (Chrono Boost)  
  29  2:53  Probe (Chrono Boost)  
  29  2:57  Probe (Chrono Boost)  
  30  3:04  Probe x2 (Chrono Boost)  
  30  3:05  Adept  
  34  3:11  Probe  
  35  3:13  Probe  
  35  3:16  Oracle (Chrono Boost)  
  39  3:23  Probe  
  39  3:25  Probe  
  41  3:27  Gateway  
  41  3:34  Gateway  
  41  3:35  Probe  
  41  3:38  Probe  
  42  3:45  Warp Gate (Chrono Boost)  
  42  3:47  Probe (Chrono Boost)  
  43  3:52  Oracle (Chrono Boost)  
  43  3:54  Probe (Chrono Boost)  
  47  3:57  Pylon  
  47  4:00  Probe (Chrono Boost)  
  49  4:05  Probe x2 (Chrono Boost)  
  50  4:13  Pylon  
  50  4:14  Probe x2  
  52  4:22  Nexus  
  52  4:26  Probe x2  
  52  4:28  Oracle (Chrono Boost)  
  57  4:37  Assimilator  
  57  4:38  Assimilator, Probe  
  58  4:39  Probe  
  59  4:50  Probe  
  59  4:51  Probe  
  51  4:54  Stalker  
  55  5:02  Probe  
  55  5:05  Probe, Shield Battery  
  55  5:14  Probe  
  55  5:17  Probe, Pylon  
  52  5:26  Stalker  
  43  5:29  Probe (Chrono Boost)  
  43  5:30  Probe (Chrono Boost)  
  44  5:35  Stalker  
  44  5:39  Probe x2 (Chrono Boost)  
  49  5:44  Stalker, Probe (Chrono Boost)  
  49  5:46  Probe (Chrono Boost)  
  49  5:49  Probe (Chrono Boost)  
  53  5:51  Probe x2 (Chrono Boost)  
  58  6:06  Stalker  
  58  6:08  Zealot x2  
  58  6:09  Probe  
  58  6:10  Probe  
  63  6:13  Probe  
  64  6:21  Probe  
  64  6:22  Probe  
  65  6:26  Probe  
  65  6:32  Stalker  
  68  6:33  Zealot x2, Probe  
  68  6:34  Probe  
  68  6:38  Probe  
  61  6:46  Probe  
  59  6:47  Probe (Chrono Boost)  
  59  6:49  Pylon  
  59  6:50  Probe (Chrono Boost)  
  60  6:55  Stalker, Zealot x2  
  60  6:58  Probe (Chrono Boost)  
  60  7:01  Probe (Chrono Boost)  
  69  7:02  Probe (Chrono Boost)  
  69  7:07  Probe (Chrono Boost)  
  69  7:08  Probe x2 (Chrono Boost)  
  71  7:12  Probe  
  71  7:15  Probe  
  73  7:17  Probe  
  75  7:27  Probe (Chrono Boost)  
  75  7:29  Probe (Chrono Boost)  
  78  7:31  Assimilator  
  78  7:32  Assimilator, Probe (Chrono Boost)  
  77  7:39  Probe (Chrono Boost)  
  77  7:41  Probe x2 (Chrono Boost)  
  77  7:43  Forge  
  79  7:44  Twilight Council  
  79  7:47  Gateway  
  79  7:48  Gateway, Probe (Chrono Boost)  
  79  7:51  Gateway, Probe (Chrono Boost)  
  82  7:53  Probe (Chrono Boost)  
  82  7:57  Probe (Chrono Boost)  
  83  8:00  Gateway, Probe  
  83  8:01  Gateway  
  83  8:02  Shield Battery  
  83  8:03  Gateway  
  84  8:12  Stalker x2, Sentry  
  90  8:17  Photon Cannon  
  90  8:19  Photon Cannon  
  90  8:26  Probe x2  
  90  8:30  Probe  
  88  8:36  Photon Cannon  
  88  8:37  Zealot x2  
  88  8:38  Probe  
  88  8:39  Probe  
  88  8:42  Probe  
  76  8:49  Zealot x4  
  76  8:50  Probe  
  76  8:51  Probe  
  78  8:59  Zealot x3  
Show
View Real Time Build Order
Export as new Build Order

HeroMarine Terran - Winner!

Build Orders: Reaper Expand 

Get SALT Encoding   

  12  0:00  SCV  
  13  0:12  SCV  
  14  0:17  Supply Depot  
  14  0:24  SCV  
  15  0:38  SCV  
  15  0:39  Barracks  
  16  0:43  Refinery  
  16  0:50  SCV  
  17  1:03  SCV  
  18  1:15  SCV  
  19  1:26  Reaper  
  19  1:27  Orbital Command  
  20  1:42  Command Center  
  20  1:52  SCV  
  21  1:54  Supply Depot  
  21  1:58  Marine  
  22  2:05  SCV  
  23  2:09  Factory  
  23  2:17  SCV  
  23  2:21  Bunker  
  23  2:22  Barracks Reactor  
  24  2:29  SCV  
  25  2:30  Refinery  
  25  2:41  SCV  
  26  2:53  SCV  
  26  2:54  Hellion  
  26  2:57  Orbital Command  
  29  2:59  Starport  
  29  3:05  SCV, Marine x2  
  32  3:15  Widow Mine  
  32  3:17  SCV  
  35  3:23  Marine x2  
  35  3:24  SCV  
  38  3:29  Supply Depot, SCV  
  39  3:37  Widow Mine, Medivac  
  39  3:39  SCV  
  44  3:41  SCV  
  44  3:42  Marine  
  44  3:44  Marine  
  45  3:49  Engineering Bay  
  45  3:51  SCV  
  45  3:53  SCV  
  46  3:55  Supply Depot  
  46  3:59  Marine  
  46  4:02  Marine  
  48  4:03  SCV  
  48  4:06  SCV  
  48  4:08  Factory Tech Lab  
  48  4:14  Viking  
  48  4:16  SCV  
  51  4:17  Marine  
  51  4:18  SCV  
  51  4:19  Missile Turret  
  51  4:20  Marine  
  51  4:24  Supply Depot  
  54  4:29  SCV  
  54  4:30  SCV  
  54  4:31  Siege Tank  
  59  4:37  Marine x2  
  61  4:41  SCV  
  63  4:45  SCV  
  56  4:53  SCV  
  56  4:57  SCV  
  56  4:58  Marine x2  
  60  5:03  Supply Depot  
  60  5:05  SCV  
  61  5:09  SCV  
  61  5:10  Siege Tank  
  61  5:11  Starport Tech Lab  
  65  5:17  SCV  
  65  5:19  Marine x2  
  68  5:22  SCV  
  68  5:29  SCV, Raven  
  68  5:32  Command Center  
  68  5:33  Supply Depot  
  68  5:34  SCV  
  72  5:36  Marine  
  72  5:37  Marine  
  72  5:41  SCV  
  72  5:44  Siege Tank  
  72  5:46  SCV  
  76  5:53  SCV  
  77  5:58  SCV  
  77  5:59  Marine, Barracks x2  
  77  6:00  Marine  
  80  6:05  SCV  
  80  6:10  SCV  
  82  6:12  Terran Infantry Weapons Level 1, Refinery  
  82  6:14  Refinery  
  82  6:17  SCV, Marine x2  
  85  6:19  Supply Depot  
  85  6:22  SCV  
  86  6:30  SCV  
  83  6:34  SCV, Barracks  
  83  6:35  Barracks  
  83  6:36  Factory Reactor  
  83  6:37  Starport Reactor  
  83  6:39  Marine x2  
  82  6:42  SCV  
  82  6:46  SCV  
  75  6:50  Orbital Command  
  75  6:54  SCV  
  76  6:55  Stimpack  
  76  6:56  Marine  
  76  6:58  SCV  
  76  7:01  Marauder x2, Combat Shield  
  80  7:05  Missile Turret  
  80  7:06  SCV  
  83  7:10  SCV  
  83  7:11  Orbital Command  
  84  7:18  SCV  
  84  7:21  Medivac x2  
  91  7:23  Marauder x2, SCV, Barracks Reactor  
  91  7:29  Supply Depot  
  97  7:30  Widow Mine x2, SCV, Supply Depot  
  97  7:35  SCV  
  94  7:37  SCV  
  94  7:40  Missile Turret  
  94  7:42  Barracks Tech Lab, SCV  
  96  7:45  Marauder x2  
  96  7:47  SCV  
  96  7:49  SCV  
  96  7:50  Supply Depot  
  96  7:51  Refinery, Marine x2  
  103  7:52  Refinery  
  103  7:53  Armory  
  103  7:54  SCV, Engineering Bay  
  105  7:59  SCV  
  105  8:00  Supply Depot  
  105  8:01  Supply Depot  
  105  8:02  Marauder, SCV, Marine  
  105  8:03  Marine  
  105  8:05  Medivac  
  113  8:06  SCV  
  113  8:07  Medivac  
  113  8:11  SCV  
  117  8:13  Marauder  
  117  8:14  Marauder, SCV  
  117  8:16  Supply Depot  
  117  8:18  SCV, Marine x2  
  125  8:20  Marine x2  
  125  8:22  Marine  
  125  8:23  SCV  
  129  8:30  SCV  
  131  8:35  Marauder, SCV, Marine  
  131  8:36  Marine x2  
  131  8:37  Widow Mine x2  
  142  8:48  Barracks  
  142  8:49  Barracks x2  

Tags
 
Add a new tag
Caveats
  • Supply blocks, unpowered buildings, or Contaminate may cause inaccurate times.
  • Supply counts are checked every 10 seconds.